 Dungeon Crawl Stone Soup version 0.16-a0-3115-g4870798 (webtiles) character file.

8 Chiseanne the Grave Robber (level 2, 0/19 HPs)
             Began as a Demonspawn Wanderer on Dec 12, 2014.
             Slain by a kobold
             ... wielding a +0 short sword
              (6 damage)
             ... on level 1 of the Dungeon.
             The game lasted 00:02:49 (627 turns).

Chiseanne the Grave Robber (Demonspawn Wanderer)     Turns: 627, Time: 00:02:49

Health: 0/19       AC:  2    Str: 12    XL:     2   Next: 0%
Magic:  3/3        EV: 11    Int: 16    God:
Gold:   29         SH:  0    Dex:  9    Spells: 2 memorised, 2 levels left

rFire  . . .     SeeInvis .     a - +2 short sword (speed)
rCold  . . .     Clarity  .     d - +0 robe
rNeg   . . .     SustAb   .     (no shield)
rPois  .         Gourm    .     (no helmet)
rElec  .         Spirit   .     (no cloak)
rCorr  .         Warding  .     (no gloves)
rMut   .         Stasis   .     (no boots)
MR     .....                    j - amulet of rage
Stlth  +.........               (no ring)
                                (no ring)

@: not resistant to hostile enchantments, very unstealthy
A: demonic guardian 1
a: Evoke Berserk Rage


You were on level 1 of the Dungeon.
You were not hungry.

You visited 1 branch of the dungeon, and saw 1 of its levels.

You collected 29 gold pieces.

Inventory:

Hand weapons
 a - a +2 short sword of speed (weapon)
Missiles
 g - 15 bolts
Armour
 d - a +0 robe (worn)
Jewellery
 j - an amulet of rage (around neck)
Scrolls
 c - a scroll of teleportation
 e - a scroll of identify {unknown}
 h - a scroll of enchant armour {unknown}
Books
 b - Lehudib's Volume of Attacks and Contamination

   Spells                             Type                      Level
   a - Sting                          Conjuration/Poison           1
   b - Mephitic Cloud                 Conjuration/Poison/Air       3
 l - a book of Necromancy

   Spells                             Type                      Level
   a - Pain                           Necromancy                   1
   b - Animate Skeleton               Necromancy                   1
   c - Vampiric Draining              Necromancy                   3
   d - Regeneration                   Charms/Necromancy            3
   e - Animate Dead                   Necromancy                   4
   f - Control Undead                 Necromancy                   4
Comestibles
 f - a bread ration
 i - a meat ration
 k - 4 chunks of flesh


   Skills:
 * Level 0.1 Dodging
   Level 1.0 Shields
 * Level 1.6 Spellcasting
 * Level 2.3 Necromancy
   Level 1.7 Transmutations
   Level 1.0 Fire Magic
   Level 1.7 Air Magic
 - Level 1.0 Evocations


You had 2 spell levels left.
You knew the following spells:

 Your Spells              Type           Power        Failure   Level  Hunger
a - Pain                  Necr           #...         10%         1    ##.....
b - Animate Skeleton      Necr           N/A          10%         1    ##.....


Dungeon Overview and Level Annotations

Branches:
Dungeon (1/15)

Altars:


Innate Abilities, Weirdness & Mutations

A weak demonic guardian rushes to your aid.


Message History

You closely miss the kobold.
The kobold is severely wounded.
You barely miss the kobold.
The kobold is severely wounded.
The kobold misses you.
You hit the kobold.
You kill the kobold!
You have reached level 2!
Your demonic ancestry asserts itself...
You feel the presence of a demonic guardian.
You closely miss the kobold. You hit the kobold.
The kobold is severely wounded.
The kobold hits you with a short sword.
* * * LOW HITPOINT WARNING * * *
Your magical contamination has completely faded away.
You barely miss the kobold.
The kobold is severely wounded.
The kobold hits you with a short sword.
You die...

#....#################....##.#..#
.................................
#....########....................
#....### #.##.#########..)...#
.......# #.##.# #......# .......#
#.##.# ###.#..# .......# #.##.#
###.#..# .......# #.##.# #...#..#
#####'## #.##@# #...#.## #.#
#.##K# #...#.## #.## ##.##.#
#......# #Z.#
#...#.#########......# ##.##
#...'................#
#..####...#.###########....#
##........#.######## #..Z.#
#........#.##.....######'##
#........#.##.....##.....#


You could see a kobold.

Vanquished Creatures
  A bat (D:1)
  2 goblins (D:1)
  A ball python (D:1)
  A giant newt (D:1)
  2 kobolds (D:1)
7 creatures vanquished.

Vanquished Creatures (collateral kills)
  A hobgoblin (D:1)
  A kobold (D:1)
2 creatures vanquished.

Vanquished Creatures (others)
  A ball python skeleton (D:1)
  A giant newt skeleton (D:1)
  2 goblin skeletons (D:1)
  A hobgoblin skeleton (D:1)
5 creatures vanquished.

Grand Total: 14 creatures vanquished

Notes
Turn   | Place    | Note
--------------------------------------------------------------
     0 | D:1      | Chiseanne, the Demonspawn Wanderer, began the quest for the Orb.
     0 | D:1      | Chiseanne set off with: a book of Necromancy, Lehudib's Volume of Attacks and Contamination, a scroll of teleportation, a +0 robe, a +0 club, a bread ration
     0 | D:1      | Reached XP level 1. HP: 13/13 MP: 2/2
     0 | D:1      | Identified Lehudib's Volume of Attacks and Contamination
     2 | D:1      | Learned a level 1 spell: Animate Skeleton
     4 | D:1      | Learned a level 1 spell: Pain
   608 | D:1      | Gained mutation: A weak demonic guardian rushes to your aid. [demonic ancestry]
   608 | D:1      | Reached XP level 2. HP: 7/19 MP: 1/3
   627 | D:1      | Slain by a kobold

Action                   || total
-------------------------++-------
Melee: Short sword       ||     7
       Club              ||     2
 Cast: Pain              ||     8
       Animate Skeleton  ||     5
